 Dungeon Crawl Stone Soup version 0.30-a0-475-g03497ec522 (webtiles) character file.

Game seed: 8052343328453723362

1173 bmack86 the Cleaver (level 8, -1/70 HPs)
             Began as a Minotaur Fighter on Dec 20, 2022.
             Slain by an orc warrior
             ... wielding a +0 halberd
              (14 damage)
             ... on level 6 of the Dungeon on Dec 21, 2022.
             The game lasted 00:13:07 (4652 turns).

bmack86 the Cleaver (Minotaur Fighter)              Turns: 4652, Time: 00:13:07

Health: -1/70      AC: 16    Str: 23    XL:     8   Next: 18%
Magic:  7/7        EV:  7    Int:  5    God:
Gold:   302        SH:  4    Dex: 10    Spells: 7/7 levels left

rFire   . . .      SeeInvis .    a - +1 war axe
rCold   . . .      Faith    .    c - +0 buckler
rNeg    . . .      Spirit   .    B - +0 plate armour
rPois   .          Reflect  .    (helmet restricted)
rElec   .          Harm     .    s - +1 cloak
rCorr   .          Rampage  .    z - +0 pair of gloves
Will    .....                    (no boots)
Stlth   ..........               (no amulet)
HPRegen 0.31/turn                (no ring)
MPRegen 0.10/turn                (no ring)

@: no status effects
A: horns 2, retaliatory headbutt
a: no special abilities


You were on level 6 of the Dungeon.
You visited 2 branches of the dungeon, and saw 7 of its levels.

You collected 302 gold pieces.

Inventory:

Hand Weapons
 a - a +1 war axe (weapon)
 w - a +2 antimagic quarterstaff
 y - the +0 hand axe of Armageddon {freeze, Will+}
   (You found it on level 4 of the Dungeon)

   It freezes those it strikes, dealing additional cold damage.
   It can also slow down cold-blooded creatures.
   Will:      It increases your willpower.
Missiles
 h - 12 javelins (quivered)
 n - 5 silver javelins
Armour
 b - a +0 scale mail
 c - a +0 buckler (worn)
 s - a +1 cloak (worn)
 z - a +0 pair of gloves (worn)
 B - a +0 plate armour (worn)
Jewellery
 t - an amulet of magic regeneration
 G - an amulet of guardian spirit
Wands
 q - a wand of roots (17)
 C - a wand of polymorph (6)
 F - a wand of digging (8)
Scrolls
 e - 2 scrolls of teleportation
 k - 2 scrolls of fear
 l - 2 scrolls of amnesia
 p - a scroll of magic mapping
 u - 2 scrolls of noise
 A - a scroll of vulnerability
 E - a scroll of enchant weapon
 H - a scroll of identify
Potions
 d - a potion of might
 f - a potion of curing {unknown}
 g - a potion of attraction {unknown}
 i - 2 potions of flight {unknown}
 j - a potion of berserk rage {unknown}
 m - a potion of cancellation {unknown}
 o - a potion of brilliance {unknown}
 r - a potion of heal wounds {unknown}
 v - 2 potions of invisibility {unknown}
 x - 2 potions of ambrosia {unknown}
 D - a potion of degeneration {unknown}


   Skills:
 + Level 6.0 Fighting
 + Level 8.2 Axes
 + Level 7.0 Armour
 + Level 2.1 Dodging
 + Level 0.3 Stealth
 + Level 4.5 Shields


You had 7 spell levels left.
You didn't know any spells.
Your spell library was empty.

Dungeon Overview and Level Annotations

Branches:
Dungeon (6/15)             Temple (1/1) D:5

Altars:
Cheibriados
Dithmenos
Elyvilon
Fedhas
Hepliaklqana
Kikubaaqudgha
Makhleb
Nemelex Xobeh
Okawaru
Qazlal
Sif Muna
Trog
Uskayaw
Vehumet
Xom
Zin

Shops:
D:5 (


Innate Abilities, Weirdness & Mutations

You have a pair of horns on your head.
You reflexively headbutt those who attack you in melee.


Message History

The orc warrior hits you but does no damage.
You block the orc's attack. The orc attacks as you move away!
The orc hits you but does no damage. The orc warrior barely misses you.
The orc hits you with a +0 mace.
You closely miss the orc warrior.
The orc warrior is moderately wounded.
You closely miss the orc. You slash the orc!
You kill the orc!
The orc warrior hits you with a +0 halberd.
The orc hits you with a +0 dagger.
You barely miss the orc warrior.
The orc warrior is moderately wounded.
You slash the orc!
You kill the orc!
The orc warrior hits you with a +0 halberd!
Unknown command.
You completely miss the orc warrior.
The orc warrior is moderately wounded.
The orc warrior hits you with a +0 halberd.
The orc warrior closely misses you.
You hit the orc warrior but do no damage.
The orc warrior is moderately wounded.
The orc warrior hits you with a +0 halberd.
* * * LOW HITPOINT WARNING * * *
You hit the orc warrior but do no damage.
You headbutt the orc warrior, but do no damage.
The orc warrior is moderately wounded.
The orc warrior hits you with a +0 halberd.
* * * LOW HITPOINT WARNING * * *
You closely miss the orc warrior. You headbutt the orc warrior!
The orc warrior is severely wounded.
The orc warrior hits you but does no damage.
You closely miss the orc warrior.
The orc warrior is severely wounded.
The orc warrior hits you with a +0 halberd!
* * * LOW HITPOINT WARNING * * *
You hit the orc warrior but do no damage.
The orc warrior is severely wounded.
The orc warrior hits you with a +0 halberd!
You die...

####.###.#.....####
.......#.#......### .
#####...#.#........# ..
..........#......#.#
...#+##.......#........#
......................##
............#...........
.......))...#.....#.####
...!...@o.#.#.#......
.......####.#.#.......
.....). ..#.......
....... .## .. ....... .
....... .. .......
.......


You could see an orc warrior.

Vanquished Creatures
  2 ice beasts
  An orc warrior (D:6)
  A black bear (D:6)
  A phantom (D:4)
  4 scorpions
  3 hounds (D:5)
  3 orc priests
  A jelly (D:5)
  An iguana (D:5)
  An orc wizard (D:6)
  Robin (D:4)
  5 adders
  3 gnolls (D:5)
  A shadow imp (D:6)
  2 ufetubi
  3 worms (D:2)
  A dart slug (D:1)
  26 orcs
  2 endoplasms
  A giant cockroach (D:1)
  15 goblins
  6 hobgoblins
  4 jackals (D:5)
  9 kobolds
  3 quokkas
  9 ball pythons
  4 bats
  4 frilled lizards
  4 rats
121 creatures vanquished.

Notes
Turn   | Place    | Note
-------+----------+-------------------------------------------
     0 | D:1      | bmack86 the Minotaur Fighter began the quest for the Orb.
     0 | D:1      | Reached XP level 1. HP: 19/19 MP: 0/0
   419 | D:1      | Reached XP level 2. HP: 27/27 MP: 1/1
  1151 | D:2      | Reached XP level 3. HP: 33/33 MP: 2/2
  1371 | D:2      | Found a radiant altar of Vehumet.
  1395 | D:2      | Reached skill level 3 in Axes
  1490 | D:3      | Reached XP level 4. HP: 40/40 MP: 3/3
  1514 | D:3      | Found a glowing silver altar of Zin.
  2061 | D:3      | Reached skill level 4 in Axes
  2228 | D:4      | Noticed Robin
  2313 | D:4      | Killed Robin
  2314 | D:4      | Reached skill level 1 in Dodging
  2314 | D:4      | Reached XP level 5. HP: 35/46 MP: 4/4
  2398 | D:4      | Reached skill level 5 in Armour
  2578 | D:4      | Noticed a phantom
  2589 | D:4      | Reached skill level 5 in Axes
  2591 | D:4      | Killed a phantom
  2592 | D:4      | Reached XP level 6. HP: 37/53 MP: 5/5
  2654 | D:4      | Found a sparkling altar of Nemelex Xobeh.
  2654 | D:4      | Found a transporter.
  2654 | D:4      | Noticed a sky beast
  2665 | D:4      | Identified the +0 hand axe of Armageddon {freeze, Will+}
  3133 | D:5      | Entered Level 5 of the Dungeon
  3194 | D:5      | Reached skill level 6 in Axes
  3267 | D:5      | Reached skill level 5 in Fighting
  3317 | D:5      | Found a staircase to the Ecumenical Temple.
  3327 | Temple   | Entered the Ecumenical Temple
  3390 | D:5      | Found Burch's Antique Weapon Emporium.
  3393 | D:5      | Noticed an ice beast
  3404 | D:5      | Killed an ice beast
  3405 | D:5      | Reached XP level 7. HP: 61/61 MP: 6/6
  3469 | D:5      | Reached skill level 7 in Axes
  3503 | D:5      | Found a radiant altar of Vehumet.
  4287 | D:6      | Reached skill level 8 in Axes
  4287 | D:6      | Reached XP level 8. HP: 48/70 MP: 7/7
  4424 | D:6      | Found a bloodstained altar of Trog.
  4652 | D:6      | Slain by an orc warrior

Illustrated notes

Levels and vault maps discovered:
D:1:      roderic_octagonal_star, layout_loops_corners
D:2:      layout_rooms, basic_altar
D:3:      layout_loops_ring, amcnicky_altar_gilded
D:4:      layout_loops_ring, grunt_nemelex_the_gamble, uniq_robin
D:5:      layout_cave_pools, vehumet_crystals,
          minmay_temple_entry_drinking_statues, serial_shops,
          kennysheep_mini_moat
D:6:      layout_basic, nicolae_wu_jian_immortal_techniques, trog_book
Temple:   nicolae_temple_ecumenical_triangle

Skill      XL: |  1  2  3  4  5  6  7  8 |
---------------+-------------------------+-----
Armour         | 4 5 6 7 |  7.0
Fighting       | 4 5 6 |  6.0
Axes           | 3 4 5 6 8 |  8.2
Shields        | 4 |  4.5
Dodging        | 1 2 |  2.1
Stealth        | |  0.3

Action                   |  1- 3 |  4- 6 |  7- 9 || total
-------------------------+-------+-------+-------++-------
Melee: War axe           |    83 |   101 |    75 ||   259
       Headbutt          |    11 |    14 |    11 ||    36
  Use: Scroll            |     5 |     4 |     1 ||    10
       Potion            |       |     1 |       ||     1
Armor: Scale mail        |    40 |    81 |    45 ||   166
       Plate armour      |       |       |    28 ||    28
Dodge: Dodged            |    42 |    67 |    48 ||   157
Block: Buckler           |    19 |    25 |    20 ||    64

Table legend: (Time is in decaauts)
 A = Elapsed time spent in this place.
 B = Non-inter-level travel time spent in this place.
 C = Inter-level travel time spent in this place.
 D = Time resting spent in this place.
 E = Time spent auto-exploring this place.
 F = Levels seen in this place.
 G = Mean time per level.
                   A        B        C        D        E       F      G
               +--------+--------+--------+--------+--------+-----+--------+
         Total |   4729 |   4665 |     64 |    123 |   3306 |   7 |  675.6 |
       Dungeon |   4669 |   4605 |     64 |    123 |   3306 |   6 |  778.2 |
        Temple |     59 |     59 |      0 |      0 |      0 |   1 |   59.0 |
               +--------+--------+--------+--------+--------+-----+--------+

Top non-repeatable levels by time:
     D:1: 1007 daAuts
     D:3: 868 daAuts
     D:4: 839 daAuts
     D:5: 772 daAuts
     D:6: 707 daAuts
     D:2: 474 daAuts
  Temple: 59 daAuts
